 Dungeon Crawl Stone Soup version 0.25-a0-510-ge065f6de7d (webtiles) character file.

Game seed: 12016943393511386302, levelgen mode: classic

561 EnegeticOcto the Chopper (level 7, 47/63 HPs)
             Began as a Deep Dwarf Fighter on Feb 15, 2020.
             Quit the game on level 4 of the Dungeon.
             The game lasted 00:01:38 (969 turns).

EnegeticOcto the Chopper (Deep Dwarf Fighter)        Turns: 969, Time: 00:01:39

Health: 47/63      AC:  7    Str: 21    XL:     7   Next: 9%
Magic:  4/4        EV:  9    Int:  9    God:
Gold:   133        SH: 10    Dex: 12    Spells: 6/6 levels left

rFire    . . .     SeeInvis .   a - +0 war axe
rCold    . . .     Gourm    .   c - +0 kite shield
rNeg     . . .     Faith    .   b - +0 scale mail
rPois    .         Spirit   .   (no helmet)
rElec    .         Reflect  .   (no cloak)
rCorr    .         Harm     .   (no gloves)
MR       +....                  (no boots)
Stlth    ..........             (no amulet)
HPRegen  0.00/turn              (no ring)
MPRegen  0.09/turn              (no ring)

@: non-regenerating, studying Slings
A: damage resistance, heal wounds, sense surroundings 1, no regeneration
a: Heal Wounds


You were on level 4 of the Dungeon.
You were not hungry.

You visited 1 branch of the dungeon, and saw 4 of its levels.

You collected 133 gold pieces.

Inventory:

Hand Weapons
 a - a +0 war axe (weapon)
Missiles
 g - 2 throwing nets (quivered)
Armour
 b - a +0 scale mail (worn)
 c - a +0 kite shield (worn)
Jewellery
 n - an uncursed ring of positive energy {unknown}
Scrolls
 f - a scroll of noise
Potions
 d - a potion of might {@q3}
 h - a potion of heal wounds {unknown}
 i - a potion of degeneration {unknown}
 j - a potion of brilliance {unknown}
 k - a potion of curing {unknown}
 o - a potion of haste {@q4}
Books
 m - a manual of Slings
Comestibles
 e - a ration
 l - 11 chunks of flesh


   Skills:
 + Level 3.9 Fighting
 * Level 5.2 Axes
 + Level 4.6 Armour
 + Level 3.0 Dodging
 + Level 4.6 Shields


You had 6 spell levels left.
You didn't know any spells.
Your spell library was empty.

Dungeon Overview and Level Annotations

Branches:
Dungeon (4/15)
 Temple: D:4-7

Altars:

Annotations:
D:3 Terence


Innate Abilities, Weirdness & Mutations

You are resistant to damage.
You can heal yourself by infusing magical energy.
You passively map a small area around you.
You do not regenerate.


Message History

The adder barely misses you. The hound bites you but does no damage.
You slash the hound!
The hound is severely wounded.
Your shield and scale mail prevent you from hitting the adder.
You block the hound's attack. The adder bites you. The hound barely misses you.
You slash the hound!
You kill the hound!
You have reached level 7!
You miss the adder. The adder closely misses you. You block the adder's attack.
An adder is nearby!
You barely miss the adder. You block the adder's attack.
The adder closely misses you.
You hit the adder.
The adder is moderately wounded.
You block the adder's attack. The adder bites you but does no damage.
Your shield and scale mail prevent you from hitting the adder.
The adder is moderately wounded.
You block the adder's attack.
Your shield prevents you from hitting the adder.
The adder is moderately wounded.
The adder bites you but does no damage. You block the adder's attack.
You closely miss the adder.
The adder is moderately wounded.
The adder bites you.
You are poisoned.
The adder poisons you! The adder closely misses you.
You slash the adder!
You kill the adder!
No target in view!
No target in view!
No target in view!
No target in view!
You butcher the hound corpse.
l - 10 chunks of flesh (gained 2)
You see here a hound skeleton. x2
o - a potion of haste {@q4} You now have 133 gold pieces (gained 14).
A hound comes into view.
The hound barks!
You feel much better.
A hound is nearby!
A hound is nearby!
A hound is nearby!
You are no longer poisoned.
You slash the hound!
The hound is severely wounded.
The hound bites you but does no damage. The hound barely misses you.
You hit the hound but do no damage.
The hound is severely wounded.
The hound barely misses you. The hound bites you but does no damage.
You closely miss the hound.
The hound is severely wounded.
The hound bites you. The hound barely misses you.
Your shield and scale mail prevent you from hitting the hound.
The hound is severely wounded.
You block the hound's attack. The hound bites you but does no damage.
You barely miss the hound.
The hound is severely wounded.
The hound barely misses you. You block the hound's attack.
You completely miss the hound.
The hound is severely wounded.
The hound closely misses you.
You slash the hound!
You kill the hound!
Your Dodging skill increases to level 3!
No target in view!
No target in view!
You butcher the hound corpse.
l - 11 chunks of flesh (gained 1)
You see here a hound skeleton. x2
You open the door.
Found 5 boomerangs.
There is an open door here.
A frilled lizard comes into view.
The frilled lizard hisses angrily.
You block the frilled lizard's attack.
You closely miss the frilled lizard. The frilled lizard bites you.
A frilled lizard is nearby!
A frilled lizard is nearby!
A frilled lizard is nearby!
You closely miss the frilled lizard. The frilled lizard closely misses you.
The frilled lizard bites you but does no damage.
You closely miss the frilled lizard.
The frilled lizard bites you but does no damage.
You closely miss the frilled lizard.
The frilled lizard bites you but does no damage.
You closely miss the frilled lizard. You block the frilled lizard's attack.
The frilled lizard completely misses you.
You hit the frilled lizard.
You kill the frilled lizard!
No target in view!
No target in view!
No target in view!
No target in view!
No target in view!
As you read the scroll labeled RIUGEU DIHENICIN, it crumbles to dust.
You hear a loud clanging noise!
It was a scroll of noise.
You hear an angry hiss.
You hear a shout!
Are you sure you want to abandon this character and quit the game? (Confirm with "yes".)

,,,
#....#......#
+
#....'(.....#
,
#....#......#
*
#...÷#......#
* ,
#....##....##
,
#....##....##
,,
+.....#......#
#.....#......#
,,
#.....#...@..#
,
##....##..†..#
#....##.....#
, #....## ,
*#....# ,
#.....* #.....
,, ......# ,


There were no monsters in sight!

Vanquished Creatures
  The ghost of Molok the Slasher, an amateur DsGl (D:3)
  An ogre (D:4)
  2 hounds (D:4)
  An orc priest (D:3)
  A gnoll shaman (D:3)
  A hound zombie (D:2)
  A hound skeleton (D:4)
  5 gnolls (D:3)
  3 adders
  4 worms
  A leopard gecko (D:3)
  6 orcs
  A giant cockroach (D:1)
  4 goblins
  9 hobgoblins
  5 bats
  3 frilled lizards
  7 kobolds
  2 rats
58 creatures vanquished.

Notes
Turn   | Place    | Note
-------+----------+-------------------------------------------
     0 | D:1      | EnegeticOcto the Deep Dwarf Fighter began the quest for the
                  | Orb.
     0 | D:1      | Reached XP level 1. HP: 20/20 MP: 1/1
   137 | D:2      | Reached XP level 2. HP: 20/27 MP: 2/2
   169 | D:2      | Reached skill level 1 in Dodging
   188 | D:2      | Reached XP level 3. HP: 16/33 MP: 3/3
   285 | D:2      | Reached skill level 3 in Axes
   475 | D:3      | Reached XP level 4. HP: 22/42 MP: 4/4
   505 | D:3      | Found a transporter.
   506 | D:3      | Found a transporter.
   542 | D:3      | Noticed Molok's ghost (amateur DsGl)
   644 | D:3      | Noticed Terence
   700 | D:3      | Reached XP level 5. HP: 20/49 MP: 2/2
   726 | D:3      | Killed Molok's ghost
   726 | D:3      | Reached skill level 4 in Axes
   726 | D:3      | Reached XP level 6. HP: 44/57 MP: 3/3
   903 | D:4      | Reached skill level 5 in Axes
   917 | D:4      | Reached XP level 7. HP: 30/63 MP: 4/4
   969 | D:4      | Quit the game

Levels and vault maps discovered:
D:1:      ebering_trefoil_twist, layout_basic, minmay_pentomino_u4
D:2:      layout_basic, minmay_quantized
D:3:      layout_basic, first_ration, gammafunk_ghost_gnarly_gnolls,
          uniq_terence
D:4:      kennysheep_goblin_castle, layout_gridville, uniq_eustachio

Skill      XL: |  1  2  3  4  5  6  7 |
---------------+----------------------+-----
Dodging        | 1 2 3 |  3.0
Fighting       | 3 |  3.9
Axes           | 3 4 5 |  5.2
Shields        | 4 |  4.6
Armour         | 4 |  4.6

Action                   |  1- 3 |  4- 6 |  7- 9 || total
-------------------------+-------+-------+-------++-------
Melee: War axe           |   103 |   105 |    19 ||   227
       Unarmed           |       |    30 |       ||    30
 Abil: Heal Wounds       |     1 |    18 |     1 ||    20
  Use: Scroll            |       |       |     1 ||     1
  Eat: Chunk             |       |     1 |       ||     1
Armor: Scale mail        |    46 |    38 |     8 ||    92
       Skin              |       |     3 |       ||     3
Dodge: Dodged            |    31 |   113 |    10 ||   154
Block: Kite shield       |    57 |    73 |     9 ||   139

Table legend:
 A = Non-vault XP
 B = Vault XP
 C = Vault XP percentage of total XP
 D = Non-vault monster count
 E = Vault monster count
 F = Vault count percentage of total count
                 A         B        C        D         E       F
            +---------+---------+-------+---------+---------+-------
      Total |     413 |     389 |  48.5 |      51 |       7 |  12.1
            +---------+---------+-------+---------+---------+-------
        D:1 |       7 |       0 |   0.0 |       4 |       0 |   0.0
        D:2 |      72 |       0 |   0.0 |      19 |       0 |   0.0
        D:3 |      86 |     389 |  81.9 |      21 |       7 |  25.0
        D:4 |     248 |       0 |   0.0 |       7 |       0 |   0.0
            +---------+---------+-------+---------+---------+-------
